 Dungeon Crawl Stone Soup version 0.24.0-7-gb3623d2c88 (webtiles) character file.

Game seed: 13928570330399236196, levelgen mode: classic

3930 EnegeticOcto the Slinger (level 10, 0/73 HPs)
             Began as an Octopode Hunter on Nov 2, 2019.
             Was an Elder of Zin.
             Slain by a wolf (12 damage)
             ... led by Grum
             ... on level 8 of the Dungeon.
             The game lasted 00:23:32 (11605 turns).

EnegeticOcto the Slinger (Octopode Hunter)         Turns: 11605, Time: 00:23:33

Health: 0/73       AC:  1    Str: 16    XL:     10   Next: 21%
Magic:  15/15      EV: 13    Int: 16    God:    Zin [****..]
Gold:   500        SH:  3    Dex: 15    Spells: 9/9 levels left

rFire    + . .     SeeInvis .   b - +4 hunting sling
rCold    . . .     Gourm    .   (no shield)
rNeg     . . .     Faith    .   (helmet restricted)
rPois    .         Spirit   .   v - +3 amulet of reflection
rElec    .         Reflect  +   k - ring of flight
rCorr    +         Harm     .   m - ring of protection from magic
MR       +....                  r - +3 ring of intelligence
Stlth    ++++......             z - ring of protection from fire
HPRegen  0.22/turn              B - +3 ring of strength
MPRegen  0.14/turn              F - ring of resist corrosion
                                (no ring)
                                (no ring)

@: no status effects
A: almost no armour, stealthy swim, amphibious, 8 rings, constrict 8, camouflage
1, gelatinous body 1, evolution 1
a: Recite, Vitalisation, Imprison, Donate Gold, Renounce Religion, Evoke Flight


You were on level 8 of the Dungeon.
You worshipped Zin.
Zin was greatly pleased with you.
You were not hungry.

You visited 2 branches of the dungeon, and saw 9 of its levels.

You collected 555 gold pieces.
You donated 55 gold pieces to Zin.

Inventory:

Hand Weapons
 a - a +0 dagger of venom
 b - a +4 hunting sling (weapon)
 o - a +0 short sword
Missiles
 c - 36 sling bullets
 f - 110 stones (quivered)
 i - 76 poisoned darts
 E - a throwing net {!f}
Jewellery
 k - a ring of flight (left tentacle)
 m - a ring of protection from magic (right tentacle)
 r - a +3 ring of intelligence (on tentacle)
 v - a +3 amulet of reflection (around mantle)
 z - a ring of protection from fire (on tentacle)
 B - a +3 ring of strength (on tentacle)
 F - a ring of resist corrosion (on tentacle)
Wands
 y - a wand of enslavement (19)
 D - a wand of acid (6)
Scrolls
 d - a scroll of amnesia {unknown}
 g - a scroll of enchant armour {unknown}
 h - 2 scrolls of blinking {unknown}
 l - 2 scrolls of teleportation {@r3 !r}
 n - 6 scrolls of remove curse {@r2}
 q - 2 scrolls of immolation
 s - 2 scrolls of random uselessness {unknown}
 x - a scroll of fear {unknown}
 A - a scroll of enchant weapon
 C - a scroll of identify {@r1}
Potions
 j - a potion of might {@q3 !q}
 p - a potion of flight
 t - a potion of curing {@q1 !q}
 w - 2 potions of cancellation
 G - a potion of ambrosia {unknown}
Comestibles
 e - 12 rations


   Skills:
 + Level 8.5 Fighting
 + Level 9.3 Slings
 - Level 2.0 Dodging
 - Level 6.0 Stealth
 + Level 7.9 Invocations


You had 9 spell levels left.
You didn't know any spells.
Your spell library was empty.

Dungeon Overview and Level Annotations

Branches:
Dungeon (8/15)             Temple (1/1) D:4
   Lair: D:8-11

Altars:
Ashenzari
Cheibriados
Dithmenos
Elyvilon
Fedhas
Gozag
Hepliaklqana
Kikubaaqudgha
Makhleb
Nemelex Xobeh
Okawaru
Qazlal
Ru
Sif Muna
Trog
Uskayaw
Vehumet
Wu Jian
Xom
Yredelemnul
Zin
The Shining One

Annotations:
D:6 1 runed translucent door, 6 exclusions, duckybubbers's ghost, amateur MiHu


Innate Abilities, Weirdness & Mutations

You cannot wear most types of armour.
You are very stealthy in the water. (Stealth+)
You are amphibious.
You can wear up to eight rings at the same time.
You can use your tentacles to constrict eight enemies at once.
Your skin changes colour to match your surroundings (Stealth+).
Your rubbery body absorbs attacks. (AC +1, EV +1)
You evolve.


Message History

Press: ? - help, Shift-Dir - straight line, f/p - orc
Aim: an orc, wielding a +0 hand axe and wearing a +0 leather armour (lightly wounded)
You shoot a stone. The stone barely misses the orc.
Firing (i - inventory. (/) - cycle)
f - 118 stones (quivered)
Press: ? - help, Shift-Dir - straight line, f/p - orc
Aim: an orc, wielding a +0 hand axe and wearing a +0 leather armour (lightly wounded)
You shoot a stone. The stone closely misses the orc.
Firing (i - inventory. (/) - cycle)
f - 117 stones (quivered)
Press: ? - help, Shift-Dir - straight line, f/p - orc
Aim: an orc, wielding a +0 hand axe and wearing a +0 leather armour (lightly wounded)
You shoot a stone. The stone hits the orc.
The orc is heavily wounded.
Firing (i - inventory. (/) - cycle)
f - 116 stones (quivered)
Press: ? - help, Shift-Dir - straight line, f/p - orc
Aim: an orc, wielding a +0 hand axe and wearing a +0 leather armour (heavily wounded)
You shoot a stone.
The stone hits the orc but does no damage.
The orc is heavily wounded.
Firing (i - inventory. (/) - cycle)
f - 115 stones (quivered)
Press: ? - help, Shift-Dir - straight line, f/p - orc
Aim: an orc, wielding a +0 hand axe and wearing a +0 leather armour (heavily wounded)
You shoot a stone. The stone hits the orc.
You kill the orc!
No target in view! 2 orc wizards come into view.
Things that are here:
a stone; a +0 hand axe; a +0 leather armour Firing (i - inventory. (/) - cycle)
f - 114 stones (quivered)
Press: ? - help, Shift-Dir - straight line, f - orc wizard
Aim: an orc wizard, wielding a +0 dagger and wearing a +0 robe (resting)
You shoot a stone. The stone hits the orc wizard.
The orc wizard is lightly wounded.
A wolf comes into view.
The orc wizard gestures at you while chanting.
The puff of flame hits you. You resist.
Firing (i - inventory. (/) - cycle)
f - 113 stones (quivered)
Press: ? - help, Shift-Dir - straight line, f/p - orc wizard
Aim: an orc wizard, wielding a +0 dagger and wearing a +0 robe (lightly wounded)
You shoot a stone. The wolf howls!
The orc wizard shouts!
The stone hits the wolf.
The wolf is lightly wounded.
You hear a shout!
A wolf comes into view.
You hear an angry growl.
Firing (i - inventory. (/) - cycle)
f - 112 stones (quivered)
Press: ? - help, Shift-Dir - straight line, f/p - wolf
Aim: a wolf (lightly wounded)
You shoot a stone.
The stone hits the wolf but does no damage.
The wolf is lightly wounded.
Firing (i - inventory. (/) - cycle)
f - 111 stones (quivered)
Press: ? - help, Shift-Dir - straight line, f/p - wolf
Aim: a wolf (lightly wounded)
You shoot a stone. The stone closely misses the wolf.
The orc wizard mumbles some strange words.
The orc wizard flickers and vanishes!
Deactivating autopickup; reactivate with Ctrl-A.
The wolf bites you. The wolf closely misses you.
The orc wizard gestures wildly while chanting.
The orc wizard flickers and vanishes!
The wolf barely misses you. The wolf misses you.
The wolf completely misses you. The wolf bites you!
The wolf bites you but does no damage. You block the wolf's attack.
The wolf barely misses you. The wolf bites you. The wolf barely misses you.
The wolf bites you! The wolf bites you!
You are too injured to fight recklessly!
Evoke which item? (* to show all) (? for menu, Esc to quit)
Aiming: Corrosive Bolt
Press: ? - help, Shift-Dir - straight line, f/p - wolf
Aim: a wolf The bolt of acid hits the wolf!
The wolf is splashed with acid.
The wolf is severely wounded.
The bolt of acid misses the wolf.
The wolf bites you. The wolf bites you!
Evoke which item? (* to show all) (? for menu, Esc to quit)
Aiming: Corrosive Bolt
Press: ? - help, Shift-Dir - straight line, f/p - wolf
Aim: a wolf (severely wounded)
The bolt of acid misses the wolf.
The bolt of acid hits the wolf!
The wolf is splashed with acid!
The acid corrodes the wolf!
The wolf is almost dead.
The bolt of acid hits something.
The acid corrodes something!
You block the wolf's attack. The wolf bites you!
* * * LOW HITPOINT WARNING * * *
Okay, then.
Okay, then.
Press: ? - help, Dir - move target cursor, f/p - wolf
Aim: a wolf (severely wounded)
You need more space to imprison the wolf.
It was a potion of mutation.
You feel extremely strange. Zin protects your body from mutation!
You feel nature experimenting on you.
Don't worry, failures die fast.
Zin forgives your inadvertent chaotic act, just this once.
The wolf bites you!
You die...

####...#######
#.....# #####.# #.#
#+# #.# #.####### #.#
#.#.....# #.#
..####.#.....######.#
#(.((.....#...hh@...#
((...........########
(###.........#
#.#.####### #.#.#
..#.# ####$# #.#


You could see 2 wolves.

Vanquished Creatures
  2 two-headed ogres (D:8)
  Pikel (D:5)
  An orc warrior (D:7)
  2 slaves (D:5)
  An ice beast (D:5)
  A phantom (D:8)
  2 ogres
  4 bullfrogs
  A wyvern skeleton (D:8)
  6 scorpions
  A water moccasin skeleton (D:5)
  2 howler monkeys (D:5)
  2 crimson imps (D:6)
  A centaur zombie (D:7)
  2 hounds
  2 gnoll shamans
  An orc priest (D:7)
  A bullfrog skeleton (D:5)
  3 iguanas
  3 orc wizards
  6 worker ants
  A killer bee zombie (D:5)
  A hound zombie (D:6)
  12 gnolls
  A worker ant zombie (D:7)
  A howler monkey skeleton (D:5)
  10 adders
  3 shadow imps
  2 oozes
  3 worms
  3 dart slugs
  7 leopard geckos
  24 orcs
  9 bats
  5 giant cockroaches
  7 goblins
  13 hobgoblins
  7 jackals
  6 quokkas
  4 ball pythons
  7 frilled lizards
  10 kobolds
  A leopard gecko skeleton (D:5)
  A quokka skeleton (D:4)
  9 rats
192 creatures vanquished.

Notes
Turn   | Place    | Note
-------+----------+-------------------------------------------
     0 | D:1      | EnegeticOcto the Octopode Hunter began the quest for the
                  | Orb.
     0 | D:1      | Reached XP level 1. HP: 14/14 MP: 1/1
   143 | D:1      | Reached XP level 2. HP: 19/19 MP: 2/2
   557 | D:1      | Reached XP level 3. HP: 25/25 MP: 3/3
  1316 | D:2      | Reached XP level 4. HP: 30/30 MP: 4/4
  2591 | D:2      | Reached XP level 5. HP: 34/36 MP: 5/5
  2758 | D:3      | Found a faded altar of an unknown god.
  3132 | D:3      | Found a bloodstained altar of Trog.
  3292 | D:3      | Reached skill level 5 in Slings
  3517 | D:3      | Found an ornate altar of the Wu Jian Council.
  3906 | D:4      | Reached XP level 6. HP: 43/43 MP: 6/6
  3949 | D:4      | Reached skill level 5 in Stealth
  4511 | D:4      | Found a staircase to the Ecumenical Temple.
  4522 | Temple   | Entered the Ecumenical Temple
  4634 | Temple   | Became a worshipper of Zin the Law-Giver
  4634 | Temple   | Reached * piety under Zin
  5064 | D:4      | Reached XP level 7. HP: 49/49 MP: 7/7
  5232 | D:4      | Reached skill level 1 in Invocations
  5481 | D:5      | Entered Level 5 of the Dungeon
  5780 | D:5      | Noticed Pikel
  6060 | D:5      | Reached skill level 6 in Slings
  6215 | D:5      | Reached skill level 5 in Fighting
  7227 | D:5      | Reached XP level 8. HP: 20/55 MP: 10/10
  7805 | D:5      | HP: 1/55 [Pikel/+2 whip of flaming (2)]
  7823 | D:5      | Killed Pikel
  7823 | D:5      | Reached skill level 7 in Slings
  8221 | D:6      | Reached ** piety under Zin
  8260 | D:6      | Reached skill level 5 in Invocations
  8510 | D:6      | Reached XP level 9. HP: 55/63 MP: 12/12
  8618 | D:6      | Found a runed translucent door.
  8790 | D:6      | Noticed duckybubbers's ghost (amateur MiHu)
  9329 | D:6      | Reached *** piety under Zin
 10114 | D:7      | Reached skill level 8 in Slings
 10508 | D:7      | Reached **** piety under Zin
 11161 | D:8      | Noticed a two-headed ogre
 11213 | D:8      | Killed a two-headed ogre
 11320 | D:8      | Noticed a two-headed ogre
 11335 | D:8      | Killed a two-headed ogre
 11335 | D:8      | Reached skill level 9 in Slings
 11335 | D:8      | Reached XP level 10. HP: 73/73 MP: 15/15
 11484 | D:8      | Noticed a two-headed ogre
 11605 | D:8      | Gained mutation: You evolve. [potion of mutation]
 11605 | D:8      | Slain by a wolf

Levels and vault maps discovered:
D:1:      sevenhm_arrival_forest_fort_large_2, layout_loops_corners,
          minmay_quantized
D:2:      layout_basic, first_ration, nrook_mini_backslash
D:3:      layout_loops_ring, marbit_many_paths,
          chequers_ecumenical_altar_island, trog_butcher_becter
D:4:      layout_gridville, minmay_temple_entry_water_ring, minmay_cupped
D:5:      layout_loops_ring, uniq_pikel
D:6:      layout_basic, ebering_ghost_sewer_d, gup_sewer_entry_spiral,
          serial_bayou_lake_a
D:7:      layout_rooms
D:8:      layout_loops_corners, uniq_grum
Temple:   regret_index_temple_sigil_plot

Skill      XL: |  1  2  3  4  5  6  7  8  9 |
---------------+----------------------------+-----
Stealth        | 2 3 4 5 6 |  6.0
Fighting       | 3 4 5 6 8 |  8.5
Slings         | 5 6 7 9 |  9.3
Invocations    | 3 5 7 |  7.9
Dodging        | |  2.0

Action                   |  1- 3 |  4- 6 |  7- 9 | 10-12 || total
-------------------------+-------+-------+-------+-------++-------
Melee: Dagger            |       |    12 |    46 |       ||    58
       Constrict         |       |     5 |    17 |       ||    22
       Tentacles         |       |     5 |    10 |       ||    15
 Fire: Hunting sling     |   105 |   248 |   394 |    34 ||   781
Throw: Dart              |       |       |    11 |       ||    11
Invok: Recite            |       |       |    10 |     1 ||    11
Evoke: Wand              |       |       |     4 |     2 ||     6
  Use: Scroll            |     2 |     4 |     4 |       ||    10
       Potion            |       |     1 |     4 |     1 ||     6
 Stab: Distracted        |       |       |     1 |       ||     1
  Eat: Chunk             |     1 |     7 |     4 |       ||    12
       Ration            |       |     1 |     4 |     1 ||     6
Armor: Skin              |     2 |     9 |     2 |     1 ||    14
Dodge: Dodged            |    28 |    37 |    92 |     9 ||   166
Block: Other             |       |       |       |     4 ||     4
